 Dungeon Sprint DCSS version 0.30-a0-1157-g2cc9ac7196 (webtiles) character file.

Game seed: 8185772246539944453

218013 123456 the Conqueror (level 16, -21/183 HPs)
             Began as a Minotaur Fighter on Apr 24, 2023.
             Was an Initiate of Gozag.
             Killed from afar by an orb of fire (47 damage)
             ... with a bolt of fire
             ... in the Dungeon (Sprint IX: "|||||||||||||||||||||||||||||").
             The game lasted 00:24:59 (8717 turns).

123456 the Conqueror (Minotaur Fighter)             Turns: 8717, Time: 00:25:01

Health: -21/183    AC: 49    Str: 33    XL:     16   Next: 58%
Magic:  15/15      EV: 23    Int: 14    God:    Gozag
Gold:   1782       SH: 26    Dex: 12    Spells: 15/15 levels left

rFire   + . .        x - +5 eveningstar of Iconoclasm {heavy, rF+ rC- Int+3}
rCold   . . .        Q - +3 tower shield {AC+3}
rNeg    . . .        M - +10 plate armour {ponderous}
rPois   .            (helmet restricted)
rElec   .            C - +2 cloak
rCorr   .            N - +2 pair of gloves {Str+3}
SInv    .            a - +2 pair of boots
Will    +....        Z - amulet "Eqomomue" {Regen+ Str+2} Stlth
                     G - +4 ring of evasion
HPRegen 1.30/turn    T - ring of the Prince {rC+ Int+6 Dex+3}
MPRegen 0.14/turn

%: no teleportation
@: gold aura, slow
A: horns 2, retaliatory headbutt, iridescent scales 1, large bone plates 1,
clumsy 1
}: 5/17 runes: decaying, serpentine, barnacled, silver, gossamer
a: Renounce Religion, Potion Petition, Call Merchant, Bribe Branch


You were in the Dungeon.
You worshipped Gozag.
Gozag was most pleased with you.
You visited 1 branch You collected 31884 gold pieces.
You spent 6429 gold pieces at shops.
You paid 23673 gold pieces to Gozag.

Inventory:

Hand Weapons
 x - the +5 eveningstar of Iconoclasm (weapon) {heavy, rF+ rC- Int+3}
   (You bought it in a shop in the Dungeon)

   Int:       It affects your intelligence (+3).
   rF:        It protects you from fire.
   rC:        It makes you vulnerable to cold.
Missiles
 O - a silver javelin (quivered)
 P - 3 javelins
Armour
 a - a +2 pair of boots (worn)
 c - a +2 pair of gloves
 o - a +1 plate armour of cold resistance
 C - a +2 cloak (worn)
 M - a +10 plate armour of ponderousness (worn)
 N - a +2 pair of gloves of strength (worn)
 Q - a +3 tower shield of protection (worn)
 U - the +2 plate armour of Watchfulness {Regen+ SInv Stlth+}
   (You bought it in a shop in the Dungeon)

   SInv:      It lets you see invisible.
   Regen:     It increases your rate of health regeneration.
   Stlth:     It makes you more stealthy.
Jewellery
 B - a ring of protection from fire
 G - a +4 ring of evasion (left hand)
 T - the ring of the Prince (right hand) {rC+ Int+6 Dex+3}
   (You bought it in a shop in the Dungeon)

   [ring of intelligence]

   Int:       It affects your intelligence (+6).
   Dex:       It affects your dexterity (+3).
   rC:        It protects you from cold.
 W - the ring of Leleakk {Fire rElec Str-2 Int+2 Dex+5}
   (You found it in the Dungeon)

   [ring of fire]

   It enhances your fire magic.
   Str:       It affects your strength (-2).
   Int:       It affects your intelligence (+2).
   Dex:       It affects your dexterity (+5).
   rF:        It protects you from fire.
   rC:        It makes you vulnerable to cold.
   rElec:     It insulates you from electricity.
 X - the amulet "Netweo" {Faith Will+ SInv}
   (You found it in the Dungeon)

   [amulet of faith]

   It allows you to gain divine favour quickly.
   SInv:      It lets you see invisible.
   Will:      It increases your willpower.
 Y - the ring "Hauliska" {Wiz rPois Slay+4}
   (You found it in the Dungeon)

   [ring of wizardry]

   It improves your spell success rate.
   Slay:      It affects your accuracy & damage with ranged weapons and melee
   (+4).
   rPois:     It protects you from poison.
 Z - the amulet "Eqomomue" (around neck) {Regen+ Str+2}
   (You found it in the Dungeon)

   [amulet of regeneration]

   Str:       It affects your strength (+2).
   Regen:     It increases your rate of health regeneration.
Wands
 m - a wand of light (10)
 R - a wand of iceblast (5)
Scrolls
 j - 6 scrolls of blinking
 l - 3 scrolls of amnesia
 t - a scroll of brand weapon {unknown}
 u - 4 scrolls of identify
 J - 5 scrolls of fear
 K - 4 scrolls of enchant weapon
 L - a scroll of fog
 S - a scroll of butterflies {unknown}
Potions
 b - 5 potions of brilliance
 d - 5 potions of might
 e - 8 potions of curing
 f - 9 potions of heal wounds
 g - 7 potions of haste
 h - 9 potions of magic
 i - 3 potions of berserk rage
 k - a potion of invisibility
 r - a potion of ambrosia
 I - 5 potions of resistance
 V - a potion of cancellation {unknown}
Miscellaneous
 v - a condenser vane


   Skills:
 O Level 27 Fighting
 O Level 27 Maces & Flails
 * Level 20.5 Throwing
 O Level 27 Armour
 O Level 27 Dodging
 + Level 17.0 Shields


You had 15 spell levels left.
You didn't know any spells.
Your spell library contained the following spells:

 Spells                   Type           Power      Damage    Failure   Level
 Summon Ice Beast         Ice/Summ       0%         N/A       100%        4
 Summon Mana Viper        Hex/Summ       0%         N/A       100%        5
 Conjure Ball Lightning   Conj/Air       0%         3x3d6     100%        6
 Monstrous Menagerie      Summ           0%         N/A       100%        7
 Discord                  Hex            0%         N/A       100%        8
 Disjunction              Tloc           0%         N/A       100%        8


Dungeon Overview and Level Annotations

Branches:
Dungeon (1/1)

Altars:
Cheibriados
Dithmenos
Elyvilon
Fedhas
Gozag
Hepliaklqana
Kikubaaqudgha
Makhleb
Nemelex Xobeh
Okawaru
Qazlal
Ru
Sif Muna
Trog
Uskayaw
Vehumet
Wu Jian
Xom
Yredelemnul
Zin
The Shining One
Jiyva
Lugonu

Shops:
D [[*[[*=(?[(

Annotations:
D Agnes, Aizul, Donald, Nergalle


Innate Abilities, Weirdness & Mutations

You have a pair of horns on your head.
You reflexively headbutt those who attack you in melee.
You are partially covered in iridescent scales. (AC +2)
You are partially covered in large bone plates. (SH +4)
You are clumsy. (Dex -2)


Message History

The bolt of fire hits the orb of fire.
The orb of fire completely resists.
The bolt of fire misses the orb of fire.
The bolt of fire hits the yellow draconian!!!!
The yellow draconian dies!
Your Shields skill increases to level 17!
You see here 99 gold pieces.
The orb of fire is distracted by your dazzling golden aura.
The orb of fire emits a lurid red light.
The bolt of fire hits the orb of fire.
The orb of fire completely resists.
The orb of fire is no longer distracted by gold.
The bolt of fire hits your orb of fire.
Your orb of fire completely resists.
The bolt of fire hits your orb of fire.
Your orb of fire completely resists.
The bolt of fire misses you.
The orb of fire glows yellow.
The bolt of fire hits the orb of fire.
The orb of fire completely resists.
The bolt of fire hits the orb of fire.
The orb of fire completely resists.
The bolt of fire hits your orb of fire.
Your orb of fire completely resists.
The bolt of fire hits your orb of fire.
Your orb of fire completely resists.
The bolt of fire hits you!!! You resist.
* * * LOW HITPOINT WARNING * * *
The orb of fire glows deep purple.
The bolt of fire hits your orb of fire.
Your orb of fire completely resists.
The bolt of fire hits your orb of fire.
Your orb of fire completely resists.
The bolt of fire hits you!! You resist.
* * * LOW HITPOINT WARNING * * *
The orb of fire emits a lurid red light.
The bolt of fire hits the orb of fire.
The orb of fire completely resists.
The bolt of fire hits the orb of fire.
The orb of fire completely resists.
The bolt of fire hits your orb of fire.
Your orb of fire completely resists.
The bolt of fire misses your orb of fire.
The bolt of fire hits you!!! You resist.
You die...
Your body crumbles into a pile of gold.

))))))...[[[[[[[.................
▓▓▓▓▓▓▓▓▓▓▓▓▓▓▓▓▓▓▓▓▓▓▓▓▓▓▓▓▓▓▓▓▓
.................................
▓▓▓▓▓▓▓▓▓▓▓▓▓▓▓▓▓▓▓▓▓▓▓▓▓▓▓▓▓▓▓▓▓
.....))......'..)..)..)).).)X.d.'
▓▓▓▓▓▓▓▓▓▓▓▓▓▓▓▓▓▓▓▓▓▓▓▓▓▓▓▓▓▓▓▓▓
.................................
▓▓▓▓▓▓▓▓▓▓▓▓▓▓▓▓▓▓▓▓▓▓▓▓▓▓▓▓▓▓▓▓▓
.X..q.$.'$'.$.$$@.*****D.
▓▓▓▓▓▓▓▓▓▓▓▓▓▓▓▓▓▓▓▓▓▓▓▓▓


You could see 3 orbs of fire, a shadow dragon (distracted) and 2 friendly orbs
of fire.

Vanquished Creatures
  An orb of fire (D)
  Mara (D)
  Mennas (D)
  Sojobo (D)
  Frederick (D)
  Xtahua (D)
  Nikola (D)
  2 golden dragons (D)
  3 tentacled monstrosities (D)
  A quicksilver dragon (D)
  3 storm dragons (D)
  2 tengu reavers (D)
  5 shadow dragons (D)
  A fire giant (D)
  An emperor scorpion (D)
  A vault warden (D)
  2 frost giants (D)
  An ironbound preserver (D)
  A draconian annihilator (D)
  3 very ugly things (D)
  2 purple draconians (D)
  2 black draconians (D)
  4 stone giants (D)
  3 green draconians (D)
  A red draconian (D)
  A white draconian (D)
  A spark wasp (D)
  A yellow draconian (D)
  A merfolk impaler (D)
  3 fire dragons (D)
  2 ettins (D)
  4 ice dragons (D)
  9 vault guards (D)
  6 hydras (D)
  An anaconda (shapeshifter) (D)
  A radroach (D)
  A ghost crab (D)
  2 merfolk avatars (D)
  A centaur warrior (D)
  A death yak (D)
  An alligator (D)
  A deep troll shaman (D)
  2 boulder beetles (D)
  2 tengu warriors (D)
  A deep troll earth mage (D)
  An orc high priest (D)
  4 swamp dragons (D)
  A glowing orange brain (D)
  3 ironbound convokers (D)
  2 orc sorcerers (D)
  4 wolf spiders (D)
  2 manticores (D)
  4 orc knights (D)
  A will-o-the-wisp (D)
  3 cyclopes (D)
  2 moths of wrath (D)
  An elephant (shapeshifter) (D)
  A merfolk siren (D)
  2 naga magi (D)
  3 black mambas (D)
  3 cane toads (D)
  A demonic crawler (D)
  2 vault sentinels (D)
  2 komodo dragons (D)
  2 merfolk (D)
  2 tarantellas (D)
  A tyrant leech (D)
  4 polar bears (D)
  2 blink frogs (D)
  2 slime creatures (D)
  A vampire (D)
  2 yaks (D)
  A wyvern (D)
  A basilisk (D)
  2 fire elementals (D)
  2 redbacks (D)
  A naga (D)
  2 water moccasins (D)
  A hell hound (D)
  3 orc warriors (D)
  A swamp drake (D)
  An ogre (D)
  4 black bears (D)
  A wolf (D)
  A centaur (D)
  2 bullfrogs (D)
  2 scorpions (D)
  2 killer bees (D)
  A howler monkey (D)
  A hound (D)
  4 orc wizards (D)
  A worm (D)
  A dart slug (D)
  13 orcs (D)
  An endoplasm (D)
  A goblin (D)
  A hobgoblin (D)
  A rat (D)
197 creatures vanquished.

Vanquished Creatures (collateral kills)
  2 ancient liches (D)
  A Killer Klown (D)
  An electric golem (D)
  2 tentacled monstrosities (D)
  7 Orb Guardians (D)
  2 death cobs (D)
  A storm dragon (D)
  6 nagarajas (D)
  Ilsuiw (D)
  A fire giant (D)
  An emperor scorpion (D)
  A draconian knight (D)
  A draconian scorcher (D)
  A ghost moth (D)
  A draconian stormcaller (D)
  An ironbound thunderhulk (D)
  A black draconian (D)
  A yellow draconian (D)
  An ettin (D)
  A merfolk javelineer (D)
  A hydra (D)
  2 merfolk avatars (D)
  16 vault guards (D)
  An ice dragon (D)
  2 merfolk aquamancers (D)
  A boulder beetle (D)
  A naga warrior (D)
  A vampire mage (D)
  A spriggan druid (D)
  3 swamp dragons (D)
  An ironbound convoker (D)
  A steelbarb worm (D)
  A harpy (D)
  A necromancer (D)
  A cyclops (D)
  4 moths of wrath (D)
  A manticore (D)
  A naga mage (D)
  2 vault sentinels (D)
  A yaktaur (D)
  4 jumping spiders (D)
  A snapping turtle (D)
  A redback (D)
  A naga (D)
  2 hell hounds (D)
  An orc warrior (D)
87 creatures vanquished.

Vanquished Creatures (others)
  An ancient lich (D)
  Margery (D)
  8 Orb Guardians (D)
  A death cob (D)
  A nagaraja (D)
  A storm dragon (D)
  A draconian monk (D)
  A shadow dragon (D)
  4 vault wardens (D)
  A fire giant (D)
  A draconian shifter (D)
  2 draconian scorchers (D)
  A draconian annihilator (D)
  A stone giant (D)
  A black draconian (D)
  A green draconian (D)
  An ironbound thunderhulk (D)
  A yellow draconian (D)
  A red draconian (D)
  A spark wasp (D)
  Azrael (D)
  2 ettins (D)
  A fire dragon (D)
  3 merfolk javelineers (D)
  A great orb of eyes (D)
  A hydra (D)
  A salamander tyrant (D)
  A centaur warrior (D)
  An ogre mage (D)
  A tengu warrior (D)
  An orc high priest (D)
  A deep troll shaman (D)
  A deep troll earth mage (D)
  A naga sharpshooter (D)
  4 hell knights (D)
  A goliath frog (D)
  A flayed ghost (D)
  A spriggan druid (D)
  A harpy (D)
  An ironbound convoker (D)
  2 necromancers (D)
  A mana viper (D)
  2 orc knights (D)
  A cyclops (D)
  A deep elf pyromancer (D)
  3 moths of wrath (D)
  2 vault sentinels (D)
  A merfolk siren (D)
  A guardian serpent (D)
  A guardian mummy (D)
  A merfolk (D)
  3 nagas (D)
  2 orc warriors (D)
78 creatures vanquished.

Grand Total: 362 creatures vanquished

Notes
Turn   | Place    | Note
-------+----------+-------------------------------------------
     0 | D        | 123456 the Minotaur Fighter began the quest for the Orb.
     0 | D        | Reached XP level 1. HP: 19/19 MP: 0/0
    12 | D        | Reached skill level 1 in Dodging
    21 | D        | Noticed a hound
    21 | D        | Noticed an ogre
    21 | D        | Noticed a scorpion
    21 | D        | Noticed a scorpion
    25 | D        | Killed a hound
    26 | D        | Reached skill level 5 in Fighting
    26 | D        | Reached skill level 5 in Maces & Flails
    26 | D        | Reached XP level 2. HP: 25/30 MP: 1/1
    26 | D        | Reached XP level 3. HP: 31/37 MP: 2/2
    28 | D        | Killed an ogre
    29 | D        | Reached skill level 5 in Armour
    29 | D        | Reached XP level 4. HP: 41/47 MP: 3/3
    37 | D        | Killed a scorpion
    38 | D        | Reached XP level 5. HP: 39/56 MP: 4/4
    41 | D        | Reached skill level 5 in Dodging
   107 | D        | Found a snail-covered altar of Cheibriados.
   107 | D        | Found a shadowy altar of Dithmenos.
   107 | D        | Found a white marble altar of Elyvilon.
   107 | D        | Found a blossoming altar of Fedhas.
   107 | D        | Found an opulent altar of Gozag.
   108 | D        | Found a hazy altar of Hepliaklqana.
   109 | D        | Found a viscous altar of Jiyva.
   110 | D        | Found an ancient bone altar of Kikubaaqudgha.
   111 | D        | Found a corrupted altar of Lugonu.
   112 | D        | Found a burning altar of Makhleb.
   113 | D        | Found a sparkling altar of Nemelex Xobeh.
   114 | D        | Found an iron altar of Okawaru.
   115 | D        | Found a stormy altar of Qazlal.
   117 | D        | Became a worshipper of Gozag Ym Sagoz the Greedy
   121 | D        | Found a sacrificial altar of Ru.
   122 | D        | Found a shimmering blue altar of Sif Muna.
   123 | D        | Found a bloodstained altar of Trog.
   124 | D        | Found a hide-covered altar of Uskayaw.
   125 | D        | Found a radiant altar of Vehumet.
   126 | D        | Found an ornate altar of the Wu Jian Council.
   127 | D        | Found a shimmering altar of Xom.
   128 | D        | Found a basalt altar of Yredelemnul.
   129 | D        | Found a glowing silver altar of Zin.
   130 | D        | Found a glowing golden altar of the Shining One.
   189 | D        | Noticed a yak
   189 | D        | Noticed a vampire
   189 | D        | Noticed a centaur
   194 | D        | Killed a yak
   195 | D        | Reached skill level 10 in Fighting
   195 | D        | Reached skill level 10 in Maces & Flails
   195 | D        | Reached XP level 6. HP: 67/67 MP: 5/5
   200 | D        | Killed a vampire
   201 | D        | Reached XP level 7. HP: 57/74 MP: 6/6
   321 | D        | Noticed a tengu warrior
   321 | D        | Noticed a manticore
   321 | D        | Noticed a basilisk
   321 | D        | Noticed a cyclops
   321 | D        | Noticed a cyclops
   321 | D        | Noticed a centaur warrior
   325 | D        | Killed a tengu warrior
   326 | D        | Reached XP level 8. HP: 49/86 MP: 7/7
   329 | D        | Killed a manticore
   330 | D        | Reached skill level 10 in Armour
   332 | D        | Killed a cyclops
   333 | D        | Reached XP level 9. HP: 28/96 MP: 8/8
   334 | D        | Killed a cyclops
   335 | D        | Reached skill level 15 in Fighting
   341 | D        | Killed a centaur warrior
   342 | D        | Reached skill level 15 in Maces & Flails
   342 | D        | Reached skill level 10 in Dodging
   661 | D        | Gained mutation: Your mind is acute. (Int +4, Str/Dex -1)
                  | [potion of mutation]
   661 | D        | Gained mutation: You are weak. (Str -2) [potion of
                  | mutation]
   661 | D        | Gained mutation: You are partially covered in iridescent
                  | scales. (AC +2) [potion of mutation]
   662 | D        | Noticed a cane toad
   667 | D        | Noticed a cane toad
   673 | D        | Killed a cane toad
   673 | D        | Noticed a black mamba
   675 | D        | Reached XP level 10. HP: 89/108 MP: 9/9
   684 | D        | Killed a cane toad
   687 | D        | Killed a black mamba
   810 | D        | Noticed an eight-headed hydra
   810 | D        | Noticed a cane toad
   810 | D        | Noticed a death yak
   812 | D        | Killed an eight-headed hydra
   816 | D        | Noticed a black mamba
   819 | D        | Killed a death yak
   822 | D        | Killed a cane toad
   834 | D        | Killed a black mamba
   996 | D        | Reached XP level 11. HP: 117/121 MP: 10/10
  1135 | D        | Noticed an orc knight
  1140 | D        | Killed an orc knight
  1205 | D        | Noticed an orc knight
  1205 | D        | Noticed an orc knight
  1207 | D        | Noticed an orc knight
  1209 | D        | Killed an orc knight
  1210 | D        | Noticed an orc knight
  1216 | D        | Killed an orc knight
  1222 | D        | Noticed an orc high priest
  1224 | D        | Noticed an orc sorcerer
  1233 | D        | Killed an orc sorcerer
  1305 | D        | Found Vong's Assorted Antiques.
  1305 | D        | Noticed an orc sorcerer
  1305 | D        | Noticed an orc sorcerer
  1305 | D        | Noticed an orc high priest
  1306 | D        | Noticed an orc knight
  1307 | D        | Found Dourphum's General Store.
  1311 | D        | Found Plog's Weapon Emporium.
  1311 | D        | Noticed an orc knight
  1313 | D        | Found Jyuhabuic's Magic Scroll Shoppe.
  1314 | D        | Noticed an orc high priest
  1316 | D        | Killed an orc knight
  1318 | D        | Noticed an orc sorcerer
  1320 | D        | Noticed a soul eater
  1320 | D        | Killed an orc knight
  1337 | D        | Noticed a sun demon
  1340 | D        | Killed an orc high priest
  1349 | D        | Killed an orc sorcerer
  1574 | D        | Bought a condenser vane for 1000 gold pieces
  1574 | D        | Bought a steaming morningstar for 225 gold pieces
  1574 | D        | Identified the +5 morningstar of the Sugar Beet {flame,
                  | Int+2 SInv} (You bought it in a shop in the Dungeon)
  1580 | D        | Bought 3 scrolls of enchant weapon for 292 gold pieces
  1580 | D        | Bought a scroll of acquirement for 676 gold pieces
  1581 | D        | Acquired the amulet "Jigukk" {Reflect rPois SH+5}
  1759 | D        | Noticed a centaur warrior
  1759 | D        | Noticed a tengu warrior
  1759 | D        | Noticed a deep elf pyromancer
  1761 | D        | Killed a centaur warrior
  1763 | D        | Noticed an ogre mage
  1763 | D        | Noticed a green very ugly thing
  1764 | D        | Reached skill level 15 in Armour
  1772 | D        | Killed a tengu warrior
  1773 | D        | Noticed an ice dragon
  1774 | D        | Noticed an ice dragon
  1775 | D        | Noticed a fire dragon
  1778 | D        | Noticed a deep troll earth mage
  1781 | D        | Killed a green very ugly thing
  1781 | D        | Killed an ogre mage
  1782 | D        | Noticed a vampire knight
  1784 | D        | Killed an ice dragon
  1785 | D        | Reached XP level 12. HP: 52/136 MP: 11/11
  1786 | D        | Killed an ice dragon
  1786 | D        | Killed a vampire mage
  1790 | D        | Killed a fire dragon
  1986 | D        | Bought a shiny plate armour for 546 gold pieces
  2036 | D        | Noticed Agnes
  2047 | D        | Noticed Azrael
  2119 | D        | Noticed Donald
  2194 | D        | Noticed a salamander tyrant
  2198 | D        | Killed a salamander tyrant
  2370 | D        | Noticed a ghost crab
  2370 | D        | Noticed a seven-headed hydra
  2378 | D        | Killed a ghost crab
  2379 | D        | Killed a seven-headed hydra
  2460 | D        | Noticed a radroach
  2460 | D        | Noticed a boulder beetle
  2468 | D        | Reached skill level 15 in Dodging
  2472 | D        | Killed a radroach
  2475 | D        | Killed a boulder beetle
  2753 | D        | Noticed Nergalle
  2770 | D        | Noticed Aizul
  2829 | D        | Noticed a tengu warrior
  2829 | D        | Noticed a stone giant
  2829 | D        | Noticed a spark wasp
  2829 | D        | Noticed an ice dragon
  2830 | D        | Noticed a deep troll shaman
  2831 | D        | Noticed a fire dragon
  2832 | D        | Noticed an ice dragon
  2836 | D        | Noticed a fire giant
  2836 | D        | Killed a deep troll shaman
  2836 | D        | Killed a spark wasp
  2838 | D        | Killed a fire dragon
  2839 | D        | Killed an ice dragon
  2840 | D        | Noticed a spriggan air mage
  2840 | D        | Killed an ice dragon
  2844 | D        | Noticed a stone giant
  2846 | D        | Noticed a tengu warrior
  2847 | D        | Noticed an ettin
  2848 | D        | Noticed a stone giant
  2850 | D        | Noticed an ettin
  3065 | D        | Noticed a green very ugly thing
  3065 | D        | Noticed a boulder beetle
  3070 | D        | Noticed a vault warden
  3071 | D        | Killed a boulder beetle
  3072 | D        | Reached XP level 13. HP: 143/148 MP: 12/12
  3072 | D        | Noticed a vault warden
  3079 | D        | Noticed a vault warden
  3081 | D        | Killed a green very ugly thing
  3085 | D        | Noticed a vault warden
  3086 | D        | Noticed an ironbound thunderhulk
  3089 | D        | Noticed an ironbound thunderhulk
  3101 | D        | Bought the +5 eveningstar of Iconoclasm {heavy, rF+ rC-
                  | Int+3} for 848 gold pieces
  3127 | D        | Killed a vault warden
  3241 | D        | Noticed Xtahua
  3366 | D        | Bought a +10 plate armour of ponderousness for 850 gold
                  | pieces
  3366 | D        | Bought a +0 pair of gloves of strength for 195 gold pieces
  3420 | D        | Noticed Margery
  3477 | D        | Noticed a nagaraja
  3477 | D        | Noticed a nagaraja
  3478 | D        | Noticed a nagaraja
  3479 | D        | Noticed a nagaraja
  3480 | D        | Noticed a nagaraja
  3482 | D        | Killed a nagaraja
  3483 | D        | Noticed a nagaraja
  3484 | D        | Noticed a nagaraja
  3487 | D        | Got a serpentine rune of Zot
  3577 | D        | Got a decaying rune of Zot
  3754 | D        | Noticed a merfolk javelineer
  3754 | D        | Noticed a merfolk javelineer
  3754 | D        | Noticed a merfolk javelineer
  3755 | D        | Noticed Ilsuiw
  3757 | D        | Killed a nagaraja
  3757 | D        | Killed a merfolk javelineer
  3757 | D        | Killed a merfolk javelineer
  3757 | D        | Killed a nagaraja
  3757 | D        | Killed a nagaraja
  3760 | D        | Your ally Azrael died
  3761 | D        | Killed a nagaraja
  3762 | D        | Noticed a merfolk impaler
  3763 | D        | Killed a nagaraja
  3765 | D        | Killed an ironbound thunderhulk
  3770 | D        | Killed a merfolk impaler
  3774 | D        | Killed a nagaraja
  3784 | D        | Got a barnacled rune of Zot
  3897 | D        | Killed Xtahua
  4125 | D        | Noticed an emperor scorpion
  4129 | D        | Noticed an emperor scorpion
  4134 | D        | Killed an emperor scorpion
  4138 | D        | Killed an emperor scorpion
  4140 | D        | Got a gossamer rune of Zot
  4141 | D        | Killed a ghost moth
  4479 | D        | Noticed Nikola
  4493 | D        | Killed Nikola
  4494 | D        | Reached XP level 14. HP: 131/165 MP: 13/13
  4705 | D        | Reached skill level 27 in Fighting
  4705 | D        | Reached skill level 27 in Maces & Flails
  4708 | D        | Reached skill level 1 in Throwing
  4727 | D        | Reached skill level 5 in Throwing
  5246 | D        | Found the +3 salamander hide armour {Flames, rFlCloud rF++
                  | rC--}
  5246 | D        | Noticed a stone giant
  5246 | D        | Noticed a vault warden
  5246 | D        | Noticed a tentacled monstrosity
  5250 | D        | Noticed a frost giant
  5251 | D        | Killed a stone giant
  5253 | D        | Killed a tentacled monstrosity
  5254 | D        | Noticed a stone giant
  5261 | D        | Killed a vault warden
  5262 | D        | Reached skill level 5 in Shields
  5262 | D        | Noticed an ironbound preserver
  5266 | D        | Killed a frost giant
  5268 | D        | Noticed a shadow dragon
  5270 | D        | Killed a stone giant
  5279 | D        | Noticed a shadow dragon
  5280 | D        | Killed an ironbound preserver
  5282 | D        | Noticed a stone giant
  5289 | D        | Killed a shadow dragon
  5295 | D        | Killed a shadow dragon
  5296 | D        | Reached skill level 10 in Throwing
  5299 | D        | Killed a stone giant
  5306 | D        | Reached XP level 15. HP: 85/174 MP: 14/14
  5547 | D        | Noticed a shadow dragon
  5547 | D        | Noticed a fire giant
  5547 | D        | Noticed a shadow dragon
  5548 | D        | Noticed an ancient lich
  5550 | D        | Noticed a tentacled monstrosity
  5550 | D        | Killed a shadow dragon
  5553 | D        | Killed a fire giant
  5569 | D        | Killed an ancient lich
  5571 | D        | Your ally Margery died
  5571 | D        | Noticed a shadow dragon
  5579 | D        | Killed a tentacled monstrosity
  5580 | D        | Your ally Ilsuiw died
  5582 | D        | Killed a shadow dragon
  5584 | D        | Killed a shadow dragon
  5590 | D        | Got a silver rune of Zot
  5591 | D        | Identified the +0 sling of the Pit {antimagic, rC+ Str+5}
  5593 | D        | Identified the +0 plate armour of Idwuagoudd {rC- Will+
                  | MP+9 Dex+5}
  5694 | D        | Bought the ring of the Prince {rC+ Int+6 Dex+3} for 1069
                  | gold pieces
  5700 | D        | Bought a jasper-encrusted plate armour for 728 gold pieces
  5700 | D        | Identified the +2 plate armour of Watchfulness {Regen+ SInv
                  | Stlth+} (You bought it in a shop in the Dungeon)
  5732 | D        | Noticed Mennas
  5771 | D        | Killed Mennas
  5772 | D        | Reached skill level 10 in Shields
  7368 | D        | Got the ring of Leleakk {Fire rElec Str-2 Int+2 Dex+5}
  7370 | D        | Got the amulet "Netweo" {Faith Will+ SInv}
  7372 | D        | Got the ring "Hauliska" {Wiz rPois Slay+4}
  7374 | D        | Got the amulet "Eqomomue" {Regen+ Str+2}
  7460 | D        | Lost mutation: You are partially covered in iridescent
                  | scales. (AC +2) [potion of mutation]
  7460 | D        | Lost mutation: Your mind is acute. (Int +4, Str/Dex -1)
                  | [potion of mutation]
  7460 | D        | Lost mutation: You are weak. (Str -2) [potion of mutation]
  7460 | D        | Gained mutation: You are partially covered in iridescent
                  | scales. (AC +2) [potion of mutation]
  7460 | D        | Gained mutation: You are clumsy. (Dex -2) [potion of
                  | mutation]
  7460 | D        | Gained mutation: You are partially covered in large bone
                  | plates. (SH +4) [potion of mutation]
  7478 | D        | Noticed Mara
  7479 | D        | Noticed 123456's illusion
  7491 | D        | Noticed 123456's illusion
  7507 | D        | Noticed 123456's illusion
  7507 | D        | Killed Mara
  7562 | D        | Noticed Frederick
  7563 | D        | Noticed a tengu reaver
  7563 | D        | Noticed Sojobo
  7564 | D        | Noticed a tengu reaver
  7569 | D        | Killed Frederick
  7575 | D        | Killed a tengu reaver
  7580 | D        | Paralysed by an air elemental for 1 turns
  7583 | D        | Killed a tengu reaver
  7593 | D        | Killed Sojobo
  7746 | D        | Noticed a frost giant
  7750 | D        | Reached skill level 15 in Throwing
  7752 | D        | Killed a frost giant
  7753 | D        | Noticed a fire giant
  7760 | D        | Killed a fire giant
  7891 | D        | Noticed a golden dragon
  7893 | D        | Killed a golden dragon
  7910 | D        | Reached XP level 16. HP: 171/183 MP: 15/15
  8074 | D        | Noticed a tentacled monstrosity
  8078 | D        | Reached skill level 27 in Armour
  8083 | D        | Killed a tentacled monstrosity
  8224 | D        | Noticed a storm dragon
  8224 | D        | Noticed a tentacled monstrosity
  8225 | D        | Noticed a death cob
  8227 | D        | Killed a death cob
  8228 | D        | Killed a storm dragon
  8257 | D        | Noticed a death cob
  8257 | D        | Noticed a tentacled monstrosity
  8258 | D        | Noticed a shadow dragon
  8260 | D        | Noticed a storm dragon
  8261 | D        | Noticed a storm dragon
  8262 | D        | Killed a shadow dragon
  8268 | D        | Killed a storm dragon
  8271 | D        | Killed a storm dragon
  8364 | D        | Noticed a storm dragon
  8366 | D        | Reached skill level 15 in Shields
  8367 | D        | Killed a storm dragon
  8489 | D        | Noticed an Orb Guardian
  8489 | D        | Noticed an Orb Guardian
  8489 | D        | Noticed an Orb Guardian
  8489 | D        | Noticed an Orb Guardian
  8489 | D        | Noticed an Orb Guardian
  8489 | D        | Noticed an Orb Guardian
  8490 | D        | Noticed an Orb Guardian
  8491 | D        | Noticed an Orb Guardian
  8492 | D        | Noticed an Orb Guardian
  8493 | D        | Noticed an Orb Guardian
  8501 | D        | Noticed a quicksilver dragon
  8501 | D        | Noticed an Orb Guardian
  8501 | D        | Noticed an Orb Guardian
  8501 | D        | Noticed a storm dragon
  8501 | D        | Noticed a tentacled monstrosity
  8505 | D        | Killed a quicksilver dragon
  8505 | D        | Killed an Orb Guardian
  8505 | D        | Killed a storm dragon
  8506 | D        | Noticed an Orb Guardian
  8560 | D        | Noticed an ancient lich
  8563 | D        | Noticed an orb of fire
  8566 | D        | Noticed an electric golem
  8567 | D        | Killed an electric golem
  8692 | D        | Noticed a golden dragon
  8692 | D        | Noticed an Orb Guardian
  8692 | D        | Noticed an orb of fire
  8692 | D        | Noticed an orb of fire
  8692 | D        | Noticed a tentacled monstrosity
  8693 | D        | Noticed an orb of fire
  8694 | D        | Killed an Orb Guardian
  8694 | D        | Killed an Orb Guardian
  8695 | D        | Killed a golden dragon
  8695 | D        | Killed an Orb Guardian
  8695 | D        | Killed a tentacled monstrosity
  8696 | D        | Killed an Orb Guardian
  8697 | D        | Noticed an orb of fire
  8698 | D        | Killed an Orb Guardian
  8700 | D        | Killed a death cob
  8700 | D        | Killed a tentacled monstrosity
  8701 | D        | Killed an ancient lich
  8702 | D        | Reached skill level 27 in Dodging
  8704 | D        | Killed a Killer Klown
  8704 | D        | Killed a death cob
  8706 | D        | Noticed an orb of fire
  8708 | D        | Noticed a shadow dragon
  8713 | D        | Killed an orb of fire
  8717 | D        | Killed from afar by an orb of fire

Illustrated notes

Levels and vault maps discovered:
D:        linesprint [early_d, line_temple, items_1, d_10, items_2, lair_1,
          lair_end, items_3, orc_1, orc_end, items_4, d_15, swamp_1, shoals_1,
          snake_1, spider_1, d_20, vaults_1, items_5, swamp_end, shoals_end,
          snake_end, spider_end, vaults_end, d_27, items_6, zot_1, zot_end,
          crypt_end, forest_end, elf_end, slime_end, tomb_end, abyss_end,
          pan_hell_end]

Skill      XL: |  1  2  3  4  5  6  7  8  9 10 11 12 13 14 15 16 |
---------------+-------------------------------------------------+-----
Fighting       | 5 7 8 10 11 13 14 16 18 21 23 26 27 | 27.0
Maces & Flails | 5 7 8 10 13 14 16 18 21 23 26 27 | 27.0
Dodging        | 2 3 4 6 8 9 10 12 13 15 17 20 24 27 | 27.0
Armour         | 4 5 6 7 8 9 10 12 13 15 17 19 22 26 27 | 27.0
Throwing       | 10 16 20 | 20.5
Shields        | 7 13 17 | 17.0

Action                     |  1- 3 |  4- 6 |  7- 9 | 10-12 | 13-15 | 16-18 || total
---------------------------+-------+-------+-------+-------+-------+-------++-------
  Melee: Flail             |    18 |    11 |       |       |       |       ||    29
         Headbutt          |     5 |     4 |     6 |    36 |    38 |     9 ||    98
         Dire flail        |       |    11 |    38 |   227 |     6 |       ||   282
         Eveningstar       |       |       |       |       |   220 |    38 ||   258
         Punch             |       |       |       |       |     1 |       ||     1
  Throw: Javelin           |       |       |       |       |    18 |     6 ||    24
 Invoke: Bribe Branch      |       |       |       |     2 |       |     3 ||     5
         Call Merchant     |       |       |       |     2 |     5 |       ||     7
         Potion Petition   |       |       |       |       |     2 |       ||     2
  Evoke: Condenser vane    |       |       |       |       |     1 |     3 ||     4
    Use: Scroll            |       |       |     4 |     9 |     5 |       ||    18
         Potion            |       |       |     1 |       |     4 |       ||     5
   Stab: Distracted        |       |       |       |     3 |     4 |     2 ||     9
         Confused          |       |       |       |       |       |     1 ||     1
 Armour: Scale mail        |     2 |     3 |       |       |       |       ||     5
         Ring mail         |       |     8 |    20 |    51 |       |       ||    79
         Chain mail        |       |       |       |    17 |       |       ||    17
         Plate armour      |       |       |       |    43 |   183 |    14 ||   240
  Dodge: Dodged            |     6 |    10 |    21 |    85 |   123 |    23 ||   268
  Block: Buckler           |     2 |     2 |       |       |       |       ||     4
         Other             |       |       |       |    18 |    14 |       ||    32
         Tower shield      |       |       |       |       |   110 |    35 ||   145
         Reflection        |       |       |       |       |     1 |       ||     1

Table legend: (Time is in decaauts)
 A = Elapsed time spent in this place.
 B = Non-inter-level travel time spent in this place.
 C = Inter-level travel time spent in this place.
 D = Time resting spent in this place.
 E = Time spent auto-exploring this place.
 F = Levels seen in this place.
 G = Mean time per level.
                   A        B        C        D        E       F      G
               +--------+--------+--------+--------+--------+-----+--------+
         Total |   8885 |   8693 |    192 |   3974 |   2201 |   1 | 8885.0 |
       Dungeon |   8885 |   8693 |    192 |   3974 |   2201 |   1 | 8885.0 |
               +--------+--------+--------+--------+--------+-----+--------+

Top non-repeatable levels by time:
       D: 8885 daAuts
